 Dungeon Crawl Stone Soup version 0.30-a0-263-ge22c4ad894 (webtiles) character file.

Game seed: 13429423976502512913

74 Anon1729 the Trooper (level 4, -4/36 HPs)
             Began as a Mummy Monk on Oct 13, 2022.
             Was a Priest of Vehumet.
             Slain by an iguana (8 damage)
             ... on level 3 of the Dungeon.
             The game lasted 00:03:40 (2243 turns).

Anon1729 the Trooper (Mummy Monk)                   Turns: 2243, Time: 00:03:41

Health: -4/36      AC:  6    Str: 16    XL:     4   Next: 10%
Magic:  6/7        EV: 12    Int:  9    God:    Vehumet [***...]
Gold:   108        SH:  3    Dex: 14    Spells: 6/7 levels left

rFire   x . .      SeeInvis +    k - staff of poison
rCold   + . .      Faith    +    e - +0 buckler {AC+3}
rNeg    + + +      Spirit   .    b - +0 robe
rPois   ∞          Reflect  .    g - +0 helmet
rElec   .          Harm     .    (no cloak)
rCorr   .          Rampage  .    (no gloves)
Will    .....                    (no boots)
Stlth   ++........               (no amulet)
HPRegen 0.26/turn                i - ring of see invisible
MPRegen 0.10/turn                (no ring)

@: no status effects
A: cold resistance 1, negative energy resistance 3, torment resistance 2, heat
vulnerability 1, in touch with death 1, no potions, faith
a: Renounce Religion


You were on level 3 of the Dungeon.
You worshipped Vehumet.
Vehumet was most pleased with you.
You visited 1 branch of the dungeon, and saw 5 of its levels.

You collected 108 gold pieces.

Inventory:

Hand Weapons
 a - a +0 spear
Missiles
 p - 6 poisoned darts (quivered)
Armour
 b - a +0 robe (worn)
 e - a +0 buckler of protection (worn)
 g - a +0 helmet (worn)
Magical Staves
 k - a staff of poison (weapon)
Jewellery
 i - a ring of see invisible (left hand)
Scrolls
 c - a scroll of butterflies {unknown}
 d - a scroll of vulnerability {unknown}
 f - a scroll of magic mapping {unknown}
 h - a scroll of immolation {unknown}
 j - a scroll of torment {unknown}
 l - a scroll of noise {unknown}
 m - a scroll of teleportation {unknown}
 n - a scroll of blinking {unknown}
 o - a scroll of acquirement {unknown}


   Skills:
 + Level 3.6 Fighting
 - Level 2.4(2.6) Polearms
 + Level 1.2(2.0) Staves
 + Level 2.9 Dodging
 - Level 1.5 Stealth
 + Level 2.1 Spellcasting


You had 6 spell levels left.
You knew the following spells:

 Your Spells              Type           Power      Damage    Failure   Level
a - Foxfire               Conj/Fire      0%         2x1d4     12%         1

Your spell library contained the following spells:

 Spells                   Type           Power      Damage    Failure   Level
 Stone Arrow              Conj/Erth      0%         3d7       32%         3


Dungeon Overview and Level Annotations

Branches:
Dungeon (5/15)
 Temple: D:4-7

Altars:
Vehumet

Shops:
D:1 !   D:4 [


Innate Abilities, Weirdness & Mutations

You are immune to poison.
Your flesh is cold resistant. (rC+)
You are immune to negative energy. (rN+++)
You are immune to unholy pain and torment.
You are vulnerable to heat. (rF-)
You are in touch with the powers of death.
You do not drink.
You have a special connection with the divine. (Faith)


Message History

The iguana is severely wounded.
The iguana bites you.
You closely miss the iguana.
The iguana is severely wounded.
The iguana bites you.
You hit the iguana but do no damage.
The iguana is severely wounded.
The iguana closely misses you.
You hit the iguana.
The iguana is severely wounded.
The iguana bites you.
You are too injured to fight recklessly!
You are too injured to fight recklessly!
You are too injured to fight recklessly!
You are too injured to fight recklessly!
You are too injured to fight recklessly!
You are too injured to fight recklessly!
You are too injured to fight recklessly!
You are too injured to fight recklessly!
You are too injured to fight recklessly!
You are too injured to fight recklessly!
You hit the iguana but do no damage.
The iguana is severely wounded.
The iguana barely misses you.
You hit the iguana but do no damage.
The iguana is severely wounded.
The iguana closely misses you.
Casting: Foxfire (safe; 12% risk of failure)
Confirm with . or Enter, or press ? or * to list all spells.
You conjure some foxfire!
The iguana misses you.
You closely miss the iguana.
The iguana is severely wounded.
The foxfire hits the iguana.
The iguana is severely wounded.
The foxfire hits the iguana but does no damage.
The iguana is severely wounded.
The iguana bites you!
* * * LOW HITPOINT WARNING * * *
The iguana bites you!
You die...

##.....####.##.## ##
#...##......##..# .# ..
......#.#.....#.##.#..#
......#.#####.........#
...........!.......#.#
.......###..###.#....#
.......#.l.##
#(###!.#.. .........###
##.l....... .......##
#..@......# .......#
#..####...## ##.#.#.#
#..# ...# .....#.###
#.# # ....
#........###. ##. .. ..
##..##)#.....##..##. .
##)###..# ......#..
......#.# #...#.# #.
..........###.#...####
...


You could see an iguana.

Vanquished Creatures
  2 adders
  A dart slug (D:1)
  11 endoplasms
  2 giant cockroaches
  7 goblins
  4 hobgoblins
  2 jackals (D:3)
  2 quokkas
  5 ball pythons
  5 bats
  A frilled lizard (D:2)
  2 kobolds (D:1)
  4 rats
48 creatures vanquished.

Vanquished Creatures (others)
  2 foxfires (D:3)
2 creatures vanquished.

Grand Total: 50 creatures vanquished

Notes
Turn   | Place    | Note
-------+----------+-------------------------------------------
     0 | D:1      | Anon1729 the Mummy Monk began the quest for the Orb.
     0 | D:1      | Reached XP level 1. HP: 18/18 MP: 1/1
    82 | D:1      | Found Meinac's Distillery.
   215 | D:1      | Reached XP level 2. HP: 23/24 MP: 3/3
   253 | D:1      | Reached skill level 1 in Spellcasting
   985 | D:2      | Gained mutation: You are in touch with the powers of death.
                  | [Mummy growth]
   985 | D:2      | Reached XP level 3. HP: 24/29 MP: 5/5
  1033 | D:2      | Reached skill level 1 in Staves
  1318 | D:2      | Found a faded altar of an unknown god.
  1334 | D:2      | Prayed at the altar of an unknown god.
  1334 | D:2      | Became a worshipper of Vehumet
  1334 | D:2      | Reached * piety under Vehumet
  1334 | D:2      | Offered knowledge of Foxfire by Vehumet.
  1334 | D:2      | Reached ** piety under Vehumet
  1393 | D:2      | Learned a level 1 spell: Foxfire
  1393 | D:2      | Offered knowledge of Shock by Vehumet.
  1595 | D:3      | Reached *** piety under Vehumet
  1595 | D:3      | Offered knowledge of Stone Arrow by Vehumet.
  1903 | D:4      | Found Himuleoj's Armour Boutique.
  1905 | D:5      | Entered Level 5 of the Dungeon
  1905 | D:5      | Noticed an air elemental
  1929 | D:4      | Noticed a lemure
  1935 | D:4      | Noticed a lemure
  1935 | D:4      | Noticed a lemure
  1960 | D:3      | Reached XP level 4. HP: 16/36 MP: 7/7
  2243 | D:3      | Slain by an iguana

Illustrated notes

Levels and vault maps discovered:
D:1:      minmay_arrival_hallway, layout_basic, serial_shops, shop
D:2:      layout_loops_ring, chequers_ecumenical_altar_simple_redux
D:3:      layout_rooms
D:4:      kennysheep_the_goblin_king, layout_rooms,
          mainiacjoe_overflow_tiny_flanked, portal_sewer_entry_c, serial_shops,
          shop, uniq_pikel
D:5:      layout_cave_pools, nicolae_qazlal_style_of_elements,
          nicolae_kite_square_tiling_tiny

Skill      XL: |  1  2  3 |
---------------+----------+-----
Spellcasting   | 1 2 |  2.1
Staves         | 1 |  1.2
Fighting       | |  3.6
Polearms       | |  2.4
Dodging        | |  2.9
Stealth        | |  1.5

Action                   |  1- 3 |  4- 6 || total
-------------------------+-------+-------++-------
Melee: Spear             |   140 |       ||   140
       Staff             |    46 |    19 ||    65
Throw: Dart              |       |     2 ||     2
 Cast: Foxfire           |       |     1 ||     1
 Stab: Sleeping          |     9 |       ||     9
Armor: Robe              |    46 |     2 ||    48
Dodge: Dodged            |   124 |    11 ||   135
Block: Buckler           |    24 |     3 ||    27

Table legend: (Time is in decaauts)
 A = Elapsed time spent in this place.
 B = Non-inter-level travel time spent in this place.
 C = Inter-level travel time spent in this place.
 D = Time resting spent in this place.
 E = Time spent auto-exploring this place.
 F = Levels seen in this place.
 G = Mean time per level.
                   A        B        C        D        E       F      G
               +--------+--------+--------+--------+--------+-----+--------+
         Total |   2256 |   2042 |    214 |     75 |   1454 |   5 |  451.2 |
       Dungeon |   2256 |   2042 |    214 |     75 |   1454 |   5 |  451.2 |
               +--------+--------+--------+--------+--------+-----+--------+

Top non-repeatable levels by time:
     D:1: 1097 daAuts
     D:2: 660 daAuts
     D:3: 455 daAuts
     D:4: 42 daAuts
     D:5: 1 daAuts
